 Dungeon Crawl Stone Soup version 0.28-a0-802-g09f76e8c00 (webtiles) character file.

Game seed: 16605806065217695665

2055 ryw the Skirmisher (level 9, -2/74 HPs)
             Began as a Gnoll Wanderer on Nov 6, 2021.
             Was a Follower of Okawaru.
             Slain by a yak (10 damage)
             ... on level 7 of the Dungeon.
             The game lasted 00:15:15 (9827 turns).

ryw the Skirmisher (Gnoll Wanderer)                 Turns: 9827, Time: 00:15:16

Health: -2/74      AC: 11    Str: 14      XL:     9   Next: 25%
Magic:  15/15      EV: 12    Int: 10 (11) God:    Okawaru [*.....]
Gold:   238        SH:  0    Dex: 13      Spells: 16/16 levels left

rFire   . . .      SeeInvis .   t - +1 falchion (vorpal)
rCold   . . .      Faith    .   (no shield)
rNeg    . . .      Spirit   .   h - +4 ring mail
rPois   .          Reflect  .   (no helmet)
rElec   .          Harm     .   (no cloak)
rCorr   .          Rampage  .   s - +0 pair of gloves
Will    .....                   (no boots)
Stlth   ++........              (no amulet)
HPRegen 0.22/turn               (no ring)
MPRegen 0.14/turn               (no ring)

@: about to teleport
A: fangs 1, strong nose, distributed training
a: Renounce Religion, Heroism


You were on level 7 of the Dungeon.
You worshipped Okawaru.
Okawaru was aware of your devotion.
You visited 2 branches of the dungeon, and saw 8 of its levels.

You collected 238 gold pieces.

Inventory:

Hand Weapons
 c - a +2 flail of holy wrath
 q - a +2 vampiric whip
 t - a +1 vorpal falchion (weapon)
 u - a +2 flail of holy wrath
Missiles
 f - 6 boomerangs (quivered)
 g - 6 atropa-tipped darts
 p - 18 poisoned darts
Armour
 h - a +4 ring mail (worn)
 s - a +0 pair of gloves (worn)
Jewellery
 b - a ring of ice
 m - a ring of flight
Wands
 i - a wand of flame (16)
Scrolls
 a - a scroll of vulnerability {unknown}
 j - a scroll of blinking {unknown}
 n - a scroll of fog
 r - 2 scrolls of teleportation
 v - a scroll of identify {unknown}
 w - a scroll of torment {unknown}
Potions
 d - 2 potions of lignification
 e - a potion of curing
 k - a potion of invisibility
 l - a potion of mutation {unknown}
 o - a potion of attraction {unknown}


   Skills:
 + Level 7.8 Fighting
 + Level 4.9 Short Blades
 + Level 4.0 Long Blades
 + Level 4.0 Axes
 + Level 4.0 Maces & Flails
 + Level 4.0 Polearms
 + Level 4.0 Staves
 + Level 4.0 Slings
 + Level 4.0 Bows
 + Level 4.9 Crossbows
 + Level 4.0 Throwing
 + Level 4.9 Armour
 + Level 4.9 Dodging
 + Level 5.9 Stealth
 + Level 4.9 Shields
 + Level 4.0 Unarmed Combat
 + Level 4.0 Spellcasting
 + Level 3.3 Conjurations
 + Level 3.3 Hexes
 + Level 3.3 Summonings
 + Level 3.3 Necromancy
 + Level 3.3 Translocations
 + Level 3.3 Transmutations
 + Level 3.3 Fire Magic
 + Level 3.3 Ice Magic
 + Level 3.3 Air Magic
 + Level 3.3 Earth Magic
 + Level 3.3 Poison Magic
 + Level 4.4 Invocations
 + Level 4.0 Evocations


You had 16 spell levels left.
You didn't know any spells.
Your spell library contained the following spells:

 Spells                   Type           Power      Damage    Failure   Level
 Freeze                   Ice            32%        1d5       12%         1
 Frozen Ramparts          Ice            16%        1d3       36%         3
 Hailstorm                Conj/Ice       8%         3d4       77%         4


Dungeon Overview and Level Annotations

Branches:
Dungeon (7/15)             Temple (1/1) D:5

Altars:
Ashenzari
Cheibriados
Elyvilon
Fedhas
Kikubaaqudgha
Makhleb
Okawaru
Qazlal
Trog
Uskayaw
Zin

Shops:
D:1 ?


Innate Abilities, Weirdness & Mutations

You have very sharp teeth.
Your uncanny sense of smell can sniff out nearby items.
Your experience applies equally to all skills.


Message History

Reactivating autopickup.
The yak bellows!
The ogre shouts!
You hear a shout!
You hear a bellow!
Found 15 gold pieces.
There is a stone staircase leading up here.
A yak comes into view.
Found a spear.
The orc warrior hits you but does no damage.
The yak moves out of view.
An orc comes into view. It is wielding a +0 war axe.
A yak comes into view.
A yak comes into view.
The ogre barely misses you. The yak misses you.
A yak comes into view.
Okay, then.
The yak bellows! x3; You hear a shout!
The yak barely misses you. The yak gores you!
* * * LOW HITPOINT WARNING * * *
You hear an angry hiss.
You hit the orc. You bite the orc, but do no damage.
The orc is moderately wounded.
A sky beast comes into view.
The yak closely misses you. The yak gores you but does no damage.
The orc closely misses you.
Unknown command.
As you read the scroll labelled ZURCHEBBE MIZO, it crumbles to dust.
You feel strangely unstable.
It was a scroll of teleportation.
A water moccasin comes into view.
The orc warrior hits you with a +0 short sword.
* * * LOW HITPOINT WARNING * * *
The ogre barely misses you. The yak gores you but does no damage.
The yak gores you.
* * * LOW HITPOINT WARNING * * *
As you read the scroll labelled CYR EZYUDWIRR, it crumbles to dust.
The scroll dissolves into smoke.
It was a scroll of fog.
The orc warrior hits you with a +0 short sword.
* * * LOW HITPOINT WARNING * * *
The ogre barely misses you.
An orc wizard comes into view. It is wielding a +0 dagger.
The yak gores you!
You die...

.....o......
....Y......
...........
..........
##......S#
)....§YY.
.....§oY##
#..§Y@§#
##.§OYo#
##..§##
#$...#
#...## #..<#
##.## ##


You could see 5 yaks, an orc warrior, a water moccasin, an ogre, an orc wizard
(wandering) and an orc.

Vanquished Creatures
  A kobold demonologist (D:5)
  A water moccasin (D:6)
  5 ogres
  A black bear (D:5)
  A centaur (D:6)
  A phantom (D:4)
  A wyvern zombie (D:6)
  2 scorpions
  A bullfrog (D:6)
  A howler monkey (D:6)
  A hound (D:6)
  2 orc priests
  2 gnoll shamans
  A bullfrog zombie (D:5)
  Terence (D:1)
  2 bullfrog skeletons (D:5)
  2 iguanas
  4 orc wizards
  6 adders
  10 gnolls
  3 ufetubi
  4 worms
  A dart slug (D:3)
  30 orcs
  7 bats
  6 endoplasms
  2 giant cockroaches
  5 goblins
  8 hobgoblins
  10 kobolds
  4 quokkas
  11 ball pythons
  4 frilled lizards
  3 rats
144 creatures vanquished.

Vanquished Creatures (others)
  13 plants (D:6)
13 creatures vanquished.

Grand Total: 157 creatures vanquished

Notes
Turn   | Place    | Note
-------+----------+-------------------------------------------
     0 | D:1      | ryw the Gnoll Wanderer began the quest for the Orb.
     0 | D:1      | ryw set off with the following items: a +2 dagger, a potion
                  | of berserk rage, a +0 short sword, a potion of
                  | lignification, a +0 robe
     0 | D:1      | Reached XP level 1. HP: 23/23 MP: 1/1
     6 | D:1      | Noticed a rime drake
     6 | D:1      | Noticed a polar bear
     6 | D:1      | Noticed a water moccasin
     7 | D:1      | Noticed a wolf
   202 | D:1      | Reached XP level 2. HP: 18/29 MP: 2/2
   578 | D:1      | Found Uproahe's Magic Scroll Boutique.
  1041 | D:2      | Found a faded altar of an unknown god.
  1053 | D:2      | Reached XP level 3. HP: 35/35 MP: 3/3
  1302 | D:2      | Noticed Terence
  1337 | D:1      | Killed Terence
  1338 | D:1      | Reached skill level 1 in Long Blades
  1338 | D:1      | Reached skill level 1 in Axes
  1338 | D:1      | Reached skill level 1 in Maces & Flails
  1338 | D:1      | Reached skill level 1 in Polearms
  1338 | D:1      | Reached skill level 1 in Staves
  1338 | D:1      | Reached skill level 1 in Slings
  1338 | D:1      | Reached skill level 1 in Bows
  1338 | D:1      | Reached skill level 1 in Throwing
  1338 | D:1      | Reached skill level 1 in Unarmed Combat
  1338 | D:1      | Reached skill level 1 in Spellcasting
  1338 | D:1      | Reached skill level 1 in Invocations
  1338 | D:1      | Reached skill level 1 in Evocations
  1338 | D:1      | Reached XP level 4. HP: 23/41 MP: 5/5
  2339 | D:3      | Reached skill level 1 in Conjurations
  2339 | D:3      | Reached skill level 1 in Hexes
  2339 | D:3      | Reached skill level 1 in Summonings
  2339 | D:3      | Reached skill level 1 in Necromancy
  2339 | D:3      | Reached skill level 1 in Translocations
  2339 | D:3      | Reached skill level 1 in Transmutations
  2339 | D:3      | Reached skill level 1 in Fire Magic
  2339 | D:3      | Reached skill level 1 in Ice Magic
  2339 | D:3      | Reached skill level 1 in Air Magic
  2339 | D:3      | Reached skill level 1 in Earth Magic
  2339 | D:3      | Reached skill level 1 in Poison Magic
  2426 | D:3      | Reached XP level 5. HP: 42/47 MP: 6/6
  2941 | D:4      | Noticed a phantom
  3391 | D:3      | Reached XP level 6. HP: 36/53 MP: 8/8
  4170 | D:4      | Reached XP level 7. HP: 21/59 MP: 10/10
  4625 | D:4      | Reached skill level 7 in Fighting
  4753 | D:4      | You fall into a shaft and drop 2 floors!
  4774 | D:5      | Entered Level 5 of the Dungeon
  5065 | D:5      | Found a staircase to the Ecumenical Temple.
  5246 | D:5      | Found a white marble altar of Elyvilon.
  5381 | D:5      | Reached skill level 5 in Stealth
  5606 | D:5      | HP: 1/60 [ogre (20)]
  5612 | D:5      | Reached XP level 8. HP: 9/67 MP: 12/12
  5955 | D:5      | Noticed a kobold demonologist
  5970 | D:5      | Killed a kobold demonologist
  7668 | Temple   | Entered the Ecumenical Temple
  7715 | Temple   | Became a worshipper of Warmaster Okawaru
  7900 | D:6      | HP: 5/100 [orc priest/divine providence (10)]
  7913 | D:6      | Reached XP level 9. HP: 27/72 MP: 14/14
  8443 | D:6      | Reached * piety under Okawaru
  9827 | D:7      | Slain by a yak

Illustrated notes

Levels and vault maps discovered:
D:1:      onia_arrival_zoo_common, layout_basic, serial_shops, shop_statue
D:2:      layout_loops_ring, hellmonk_ecumenical_altar_lost_god,
          kennysheep_nondescript, minmay_misc_feat_ornament,
          kennysheep_generic_room_10, uniq_terence
D:3:      layout_rooms, st_stairs_6
D:4:      layout_basic, minivault_26
D:5:      layout_loops_corners, elyvilon_altar_1, temple_pool_b
D:6:      layout_loops_corners, serial_bayou, serial_bayou_ford_a,
          serial_bayou_lake_a, serial_bayou_crossing, serial_bayou_pond_b
D:7:      layout_cave_pools, marbit_many_paths, gammafunk_ghost_nasty_kobolds,
          uniq_crazy_yiuf_cottage, uniq_joseph
Temple:   eino_temple_rhombus

Skill      XL: |  1  2  3  4  5  6  7  8  9 |
---------------+----------------------------+-----
Long Blades    | 1 2 3 4 |  4.0
Axes           | 1 2 3 4 |  4.0
Maces & Flails | 1 2 3 4 |  4.0
Polearms       | 1 2 3 4 |  4.0
Staves         | 1 2 3 4 |  4.0
Slings         | 1 2 3 4 |  4.0
Bows           | 1 2 3 4 |  4.0
Throwing       | 1 2 3 4 |  4.0
Unarmed Combat | 1 2 3 4 |  4.0
Spellcasting   | 1 2 3 4 |  4.0
Invocations    | 1 2 3 4 |  4.4
Evocations     | 1 2 3 4 |  4.0
Conjurations   | 1 2 3 |  3.3
Hexes          | 1 2 3 |  3.3
Summonings     | 1 2 3 |  3.3
Necromancy     | 1 2 3 |  3.3
Translocations | 1 2 3 |  3.3
Transmutations | 1 2 3 |  3.3
Fire Magic     | 1 2 3 |  3.3
Ice Magic      | 1 2 3 |  3.3
Air Magic      | 1 2 3 |  3.3
Earth Magic    | 1 2 3 |  3.3
Poison Magic   | 1 2 3 |  3.3
Short Blades   | 3 4 |  4.9
Crossbows      | 3 4 |  4.9
Armour         | 3 4 |  4.9
Dodging        | 3 4 |  4.9
Shields        | 3 4 |  4.9
Fighting       | 7 |  7.8
Stealth        | 5 |  5.9

Action                   |  1- 3 |  4- 6 |  7- 9 || total
-------------------------+-------+-------+-------++-------
Melee: Dagger            |    85 |   141 |       ||   226
       Bite              |     7 |    32 |    29 ||    68
       Whip              |       |   121 |       ||   121
       Flail             |       |    37 |    82 ||   119
       Punch             |       |     1 |     8 ||     9
       Falchion          |       |       |   251 ||   251
Throw: Boomerang         |       |       |     4 ||     4
       Dart              |       |       |     1 ||     1
  Use: Potion            |     1 |       |     7 ||     8
       Scroll            |       |     2 |     2 ||     4
 Stab: Sleeping          |     5 |     4 |     1 ||    10
       Invisible         |       |       |     1 ||     1
Armor: Robe              |     2 |       |       ||     2
       Ring mail         |    12 |   157 |   135 ||   304
       Skin              |       |       |    37 ||    37
Dodge: Dodged            |    30 |   172 |   229 ||   431

Table legend: (Time is in decaauts)
 A = Elapsed time spent in this place.
 B = Non-inter-level travel time spent in this place.
 C = Inter-level travel time spent in this place.
 D = Time resting spent in this place.
 E = Time spent auto-exploring this place.
 F = Levels seen in this place.
 G = Mean time per level.
                   A        B        C        D        E       F      G
               +--------+--------+--------+--------+--------+-----+--------+
         Total |   9895 |   9464 |    431 |   3500 |   4252 |   8 | 1236.9 |
       Dungeon |   9831 |   9415 |    416 |   3500 |   4215 |   7 | 1404.4 |
        Temple |     63 |     48 |     15 |      0 |     37 |   1 |   63.0 |
               +--------+--------+--------+--------+--------+-----+--------+

Top non-repeatable levels by time:
     D:4: 2055 daAuts
     D:5: 2044 daAuts
     D:6: 1833 daAuts
     D:3: 1649 daAuts
     D:2: 1276 daAuts
     D:1: 963 daAuts
  Temple: 63 daAuts
     D:7: 7 daAuts
